Map: Fracture LE

Players

MaSa

  • Race: Terran Terran
  • Spawn Location: 11:00

ShaDoWn - Winner!

  • Race: Protoss Protoss
  • Spawn Location: 5:00

Event: WCS Montreal 2018

VOD

Have the link to the VOD?

Description

Time

  • Played on: Sept. 7, 2018, 6:30 p.m.
  • Length: 12:52

All games in this series

Show
View Real Time Build Order
Export as new Build Order

MaSa Terran 

Build Orders: MMM Bio 

Get SALT Encoding   

  12  0:00  SCV  
  13  0:13  Supply Depot  
  13  0:18  SCV  
  14  0:31  SCV  
  15  0:38  Barracks  
  15  0:44  Refinery  
  15  0:48  SCV  
  16  0:53  Refinery  
  16  1:00  SCV  
  17  1:12  SCV  
  18  1:24  Reaper  
  18  1:25  Orbital Command  
  19  1:33  Supply Depot  
  19  1:46  Factory  
  19  1:50  SCV  
  20  1:59  Bunker, Marine  
  21  2:05  SCV  
  22  2:17  SCV, Marine  
  24  2:29  SCV  
  25  2:35  Marine  
  26  2:41  SCV  
  27  2:44  Factory Reactor  
  27  2:45  Supply Depot  
  27  2:53  SCV, Marine  
  29  3:05  SCV  
  30  3:16  Command Center  
  30  3:17  SCV  
  31  3:21  Cyclone  
  31  3:23  Cyclone  
  37  3:36  SCV  
  38  3:44  Supply Depot  
  35  3:53  Cyclone  
  36  3:56  SCV  
  37  4:13  Cyclone  
  40  4:19  SCV  
  40  4:27  Barracks  
  40  4:32  Widow Mine  
  41  4:42  SCV  
  38  4:46  Widow Mine  
  38  4:47  Barracks Reactor  
  38  4:52  Orbital Command  
  40  4:53  Widow Mine  
  40  4:55  SCV  
  40  5:08  Widow Mine  
  40  5:12  SCV  
  43  5:16  Orbital Command  
  43  5:17  Widow Mine  
  43  5:20  Barracks Tech Lab  
  43  5:24  SCV  
  43  5:26  Marine  
  45  5:30  Widow Mine  
  46  5:36  SCV  
  46  5:41  Marine x2  
  47  5:46  Stimpack  
  47  5:48  SCV x2  
  47  5:53  Marine  
  48  6:00  SCV x2  
  48  6:02  Barracks  
  48  6:03  Factory Tech Lab  
  46  6:12  SCV x2, Marine x3  
  51  6:19  Supply Depot  
  51  6:24  SCV  
  51  6:25  SCV  
  52  6:30  Marine  
  53  6:35  Supply Depot  
  53  6:36  SCV  
  54  6:40  Engineering Bay, SCV, Siege Tank  
  58  6:47  Marine x2  
  58  6:48  SCV  
  58  6:52  SCV  
  62  6:56  Barracks Reactor, Marine  
  62  7:00  SCV  
  64  7:02  Starport  
  64  7:05  Marine  
  65  7:09  Terran Infantry Weapons Level 1  
  65  7:10  Marine  
  65  7:12  SCV  
  67  7:23  Orbital Command  
  67  7:25  SCV  
  68  7:32  Marine x2  
  70  7:42  Supply Depot  
  70  7:43  Starport Reactor  
  70  7:51  Combat Shields  
  70  8:03  Medivac, SCV, Siege Tank, Marine x2  
  70  8:04  Supply Depot  
  78  8:22  SCV, Marine  
  78  8:23  Refinery  
  78  8:24  Refinery, Supply Depot  
  78  8:25  SCV, Marine x2  
  77  8:34  Marauder, SCV  
  77  8:35  Siege Tank  
  77  8:37  SCV  
  77  8:38  Command Center  
  82  8:47  Marine x2  
  84  8:49  SCV, Barracks x2  
  84  8:50  Barracks Tech Lab  
  84  8:52  SCV, Supply Depot  
  84  8:55  Medivac, Marine  
  87  9:01  SCV  
  90  9:04  SCV  
  90  9:07  Terran Infantry Armor Level 1  
  89  9:13  SCV  
  89  9:14  Missile Turret  
  90  9:20  Marine x3  
  90  9:22  Missile Turret  
  92  9:24  Missile Turret  
  92  9:28  SCV  
  86  9:32  Marine  
  86  9:37  SCV  
  85  9:40  SCV, Marine x3  
  89  9:48  Missile Turret  
  89  9:49  SCV  
  89  9:50  Marine  
  89  9:52  SCV  
  92  9:54  Refinery  
  84  10:10  Command Center  
  84  10:17  SCV  
  84  10:18  SCV  
  84  10:21  Medivac  
  88  10:27  Medivac  
  90  10:29  SCV  
  90  10:30  SCV  
  92  10:41  SCV  
  87  10:43  SCV  
  87  10:46  Marine x3  
  87  10:47  Missile Turret  
  90  10:53  SCV  
  90  10:55  SCV  
  86  11:01  Concussive Shells, Siege Tank  
  86  11:03  Marauder  
  90  11:05  SCV  
  90  11:06  Medivac  
  90  11:10  Medivac  
  95  11:12  Barracks Reactor  
  95  11:13  Barracks Tech Lab  
  95  11:14  SCV  
  95  11:18  SCV  
  96  11:22  Marine  
  96  11:23  Marauder  
  96  11:36  Marine  
  97  11:40  Missile Turret  
  97  11:43  Medivac, Factory Reactor  
  99  11:50  Orbital Command  
  98  11:55  Orbital Command  
  98  11:58  SCV  
  97  12:04  Armory  
  97  12:08  Engineering Bay  
  97  12:10  Marauder, SCV, Marine x2  
  97  12:13  Marauder, Marine x2  
  106  12:16  Marauder  
  106  12:20  Widow Mine  
  109  12:28  Widow Mine, Marine  
  109  12:29  Marine  
  113  12:31  Marine x2  
  113  12:35  SCV  
Show
View Real Time Build Order
Export as new Build Order

ShaDoWn Protoss - Winner!

Build Orders: Oracle Opening 

Get SALT Encoding   

  12  0:00  Probe  
  13  0:13  Probe  
  14  0:16  Pylon  
  14  0:24  Probe  
  15  0:32  Probe  
  15  0:37  Gateway  
  15  0:40  Probe  
  16  0:46  Assimilator  
  17  0:51  Probe  
  18  0:57  Assimilator  
  18  1:03  Probe  
  19  1:07  Pylon  
  19  1:15  Probe  
  20  1:25  Cybernetics Core  
  20  1:27  Probe  
  20  1:31  Zealot  
  23  1:39  Probe  
  24  1:51  Probe  
  24  1:53  Adept  
  25  2:03  Stargate  
  25  2:05  Probe  
  28  2:14  Warp Gate  
  27  2:17  Probe  
  27  2:32  Probe  
  28  2:38  Pylon  
  28  2:41  Oracle  
  31  2:56  Stalker  
  33  2:59  Shield Battery  
  33  3:03  Probe  
  34  3:16  Void Ray, Gateway  
  34  3:18  Gateway  
  34  3:25  Probe  
  39  3:34  Pylon  
  39  3:52  Probe  
  39  4:04  Probe  
  39  4:08  Pylon  
  40  4:16  Probe  
  40  4:18  Stalker x3  
  46  4:28  Pylon  
  44  4:45  Sentry x2  
  44  4:46  Zealot  
  44  4:51  Nexus  
  50  5:04  Probe  
  51  5:08  Sentry  
  51  5:09  Stalker x2  
  55  5:17  Pylon  
  55  5:19  Probe  
  56  5:31  Probe  
  55  5:43  Probe  
  56  5:55  Stalker x2  
  56  5:56  Probe  
  61  6:00  Twilight Council  
  61  6:08  Probe  
  61  6:09  Probe  
  61  6:16  Blink  
  61  6:19  Pylon  
  61  6:20  Probe x2  
  63  6:28  Probe x2  
  54  6:33  Stalker  
  54  6:34  Stalker  
  54  6:37  Stalker  
  54  6:38  Probe x2  
  61  6:41  Shield Battery  
  61  6:46  Shield Battery  
  63  6:48  Probe  
  63  6:49  Probe  
  65  6:54  Assimilator  
  65  6:56  Assimilator  
  65  7:00  Probe  
  66  7:03  Probe  
  66  7:04  Robotics Facility  
  67  7:16  Probe, Forge  
  67  7:18  Forge  
  68  7:27  Nexus  
  68  7:28  Probe  
  69  7:36  Stalker x2  
  73  7:40  Warp Prism  
  73  7:43  Dark Shrine  
  75  7:53  Protoss Ground Weapons Level 1  
  75  8:03  Pylon  
  75  8:09  Gateway  
  75  8:10  Gateway  
  75  8:13  Immortal  
  76  8:29  Gateway  
  76  8:33  Stalker x2  
  74  8:36  Stalker  
  76  8:44  Probe x3  
  79  8:57  Dark Templar x2  
  83  9:03  Probe x2  
  83  9:05  Immortal  
  83  9:09  Robotics Bay  
  87  9:20  Zealot x3  
  93  9:32  Probe  
  93  9:33  Pylon  
  93  9:36  Probe  
  93  9:37  Immortal  
  93  9:39  Protoss Ground Armor Level 1  
  93  9:42  Charge  
  91  9:48  Stalker x5  
  94  9:54  Probe  
  95  10:15  Zealot x4  
  95  10:18  Zealot  
  107  10:24  Pylon  
  107  10:29  Immortal  
  107  10:35  Zealot x4  
  107  11:02  Stalker x2  
  109  11:05  Pylon  
  109  11:07  Pylon  
  109  11:08  Pylon  
  109  11:11  Extended Thermal Lance  
  109  11:17  Colossus  
  109  11:24  Probe  
  109  11:25  Probe  
  117  11:28  Stalker x3  
  117  11:29  Stalker, Zealot x2  
  117  11:31  Probe  
  126  11:34  Pylon  
  126  11:37  Pylon  
  126  11:38  Probe  
  127  11:47  Pylon  
  127  11:56  Zealot x2  
  127  11:57  Zealot x3  
  135  12:16  Dark Templar  
  135  12:21  Zealot x5  
  147  12:23  Pylon  
  147  12:24  Assimilator  
  147  12:28  Assimilator  
  111  12:52  Stalker x6  
Tags
 
Add a new tag
Caveats
  • Supply blocks, unpowered buildings, or Contaminate may cause inaccurate times.
  • Supply counts are checked every 10 seconds.